 Dungeon Crawl Stone Soup version 0.25-a0-306-g3faca94 (webtiles) character file.

Game seed: 8374355734591005291, levelgen mode: deterministic

6923 Birdy the Arsonist (level 11, -13/178 HPs)
             Began as an Ogre Fire Elementalist on Dec 20, 2019.
             Killed from afar by a vampire mosquito (21 damage)
             ... with an exploding inner flame
             ... hexed by the player character
             ... on level 10 of the Dungeon.
             The game lasted 00:39:56 (11296 turns).

Birdy the Arsonist (Ogre Fire Elementalist)        Turns: 11296, Time: 00:39:56

Health: -13/178    AC:  3    Str: 19    XL:     11   Next: 7%
Magic:  5/19       EV:  9    Int: 19    God:
Gold:   140        SH:  0    Dex:  9    Spells: 7/21 levels left

rFire    . . .     SeeInvis .   j - +2 quarterstaff (protect)
rCold    . . .     Gourm    .   (shield currently unavailable)
rNeg     . . .     Faith    .   a - +0 robe
rPois    .         Spirit   .   (helmet restricted)
rElec    .         Reflect  .   (no cloak)
rCorr    .         Harm     .   (gloves unavailable)
MR       +....                  (boots unavailable)
Stlth    ..........             (no amulet)
HPRegen  0.39/turn              (no ring)
MPRegen  0.16/turn              (no ring)

@: berserking, very slightly contaminated, slowed, lightly drained
A: large, unfitting armour, tough skin 1
a: no special abilities


You were on level 10 of the Dungeon.
You were not hungry.

You visited 2 branches of the dungeon, and saw 11 of its levels.
You also visited: Sewer.

You collected 341 gold pieces.
You spent 201 gold pieces at shops.

Inventory:

Hand Weapons
 j - a +2 quarterstaff of protection (weapon)
Missiles
 b - 13 poisoned darts (quivered)
Armour
 a - a +0 robe (worn)
Wands
 g - a wand of paralysis (10)
 k - a wand of polymorph (10)
 l - a wand of flame (15)
Scrolls
 f - 3 scrolls of teleportation
 h - a scroll of enchant armour
Potions
 d - 3 potions of flight
Comestibles
 c - 6 rations


   Skills:
 + Level 10.7(10.2) Fighting
 + Level 4.3(3.9) Staves
 - Level 1.7(1.3) Dodging
 - Level 1.4(1.0) Stealth
 - Level 5.8(5.4) Spellcasting
 + Level 7.7(7.2) Conjurations
 * Level 11.1(10.6) Fire Magic


You had 7 spell levels left.
You knew the following spells:

 Your Spells              Type           Power        Failure   Level  Hunger
a - Foxfire               Conj/Fire      ####         1%          1    None
b - Inner Flame           Hex/Fire       ####....     4%          3    ##.....
c - Fireball              Conj/Fire      #####.....   9%          5    #####..
d - Ensorcelled Hibernat  Hex/Ice        #.....       19%         2    None
e - Tukima's Dance        Hex            #.......     34%         3    ##.....

Your spell library contained the following spells:

 Spells                   Type           Power        Failure   Level  Hunger
 Conjure Flame            Conj/Fire      #####...     1%          3    ##.....
 Sticky Flame             Conj/Fire      #####...     3%          4    ####...
 Dazzling Flash           Conj/Hex       ###...       9%          3    ##.....
 Corona                   Hex            #......      12%         1    None
 Confuse                  Hex            #.......     34%         3    ##.....


Dungeon Overview and Level Annotations

Branches:
Dungeon (10/15)            Temple (1/1) D:7             Orc (0/2) D:9
  Sewer (visited)
   Lair: D:8-11

Altars:
Ashenzari
Cheibriados
Dithmenos
Fedhas
Gozag
Hepliaklqana
Makhleb
Nemelex Xobeh
Okawaru
Qazlal
Ru
Sif Muna
Trog
Uskayaw
Vehumet
Wu Jian
Xom
Yredelemnul
Zin
The Shining One
Beogh

Shops:
D:5 (   D:6 *


Innate Abilities, Weirdness & Mutations

You are too large for most types of armour.
You have tough skin. (AC +1)


Message History

* * * LOW HITPOINT WARNING * * *
The wraith drains your vigour!
You feel as though you will be slow longer.
The vampire mosquito closely misses you.
Okay, then.
It was a potion of berserk rage.
A red film seems to cover your vision as you go berserk!
You feel yourself moving faster!
You feel mighty!
The foxfire hits the vampire mosquito.
Flame seeps out of the vampire mosquito.
The vampire mosquito is moderately damaged.
The foxfire hits the vampire mosquito!
Flame seeps out of the vampire mosquito.
The vampire mosquito is severely damaged.
The vampire mosquito is engulfed in blazing flames.
The vampire mosquito explodes!
The fiery explosion engulfs the wraith!!
You destroy the wraith!
The fiery explosion engulfs you!!
You die...

####### #.W....#
######.# #.# #.#
##.########
#)).......# .##
#..§§.....# #...
#.§○......# #..#
#..@§.[...# #..#
#.§§......# #..#
#.........# #..#
#...[.....#
#..######
#.........#
...##...##
#.........#
#.##.###.###
###.####### .#...#
#...#####.#
#.##.###.#.......#


There were no monsters in sight!

Vanquished Creatures
  A hornet (D:7)
  2 wraiths
  16 yaks
  Grum (D:8)
  A steam dragon (D:9)
  A water moccasin (D:8)
  7 orc warriors
  A black bear (D:8)
  An eye of draining (D:8)
  A phantom (D:5)
  A sky beast (D:7)
  6 ogres
  3 wolves (D:8)
  3 bullfrogs
  3 big kobolds
  A wyvern skeleton (D:6)
  A scorpion (D:9)
  6 killer bees (D:8)
  2 wights (D:9)
  A howler monkey (D:8)
  2 crimson imps
  A centaur zombie (D:7)
  A bullfrog zombie (D:7)
  3 hounds
  4 orc priests
  A jelly (D:3)
  5 orc wizards
  A centaur skeleton (D:9)
  An iguana (D:7)
  6 worker ants
  3 gnolls (D:3)
  9 adders
  A shadow imp (D:5)
  13 oozes (Sewer)
  A worm (D:4)
  A dart slug (D:5)
  10 leopard geckos (Sewer)
  29 orcs
  10 ball pythons
  15 giant cockroaches
  2 goblins
  3 hobgoblins
  5 jackals
  3 quokkas
  A ball python zombie (D:5)
  2 bats (D:3)
  15 frilled lizards
  A jackal skeleton (D:4)
  14 kobolds
  A quokka skeleton (D:6)
  2 rats (D:3)
225 creatures vanquished.

Vanquished Creatures (collateral kills)
  A wight (D:9)
1 creature vanquished.

Vanquished Creatures (others)
  4 dancing weapons
  664 foxfires
668 creatures vanquished.

Grand Total: 894 creatures vanquished

Notes
Turn   | Place    | Note
-------+----------+-------------------------------------------
     0 | D:1      | Birdy the Ogre Fire Elementalist began the quest for the
                  | Orb.
     0 | D:1      | Reached XP level 1. HP: 16/16 MP: 3/3
   209 | D:1      | Reached skill level 1 in Conjurations
   443 | D:1      | Reached XP level 2. HP: 26/26 MP: 1/5
   510 | D:3      | Reached skill level 3 in Fire Magic
   511 | D:3      | Reached skill level 1 in Fighting
   609 | D:4      | Found an ornate altar of the Wu Jian Council.
   700 | D:4      | Reached XP level 3. HP: 33/33 MP: 2/7
   777 | D:4      | Noticed an ogre
   784 | D:4      | Reached skill level 5 in Spellcasting
   784 | D:4      | Reached skill level 6 in Fire Magic
   784 | D:4      | Reached XP level 4. HP: 52/52 MP: 1/11
   785 | D:4      | Reached skill level 9 in Fire Magic
   785 | D:4      | Reached XP level 5. HP: 53/66 MP: 1/13
  1035 | D:3      | Learned a level 3 spell: Inner Flame
  1041 | D:3      | Learned a level 5 spell: Fireball
  1151 | D:3      | Learned a level 2 spell: Ensorcelled Hibernation
  1155 | D:3      | Learned a level 3 spell: Tukima's Dance
  1169 | D:5      | Entered Level 5 of the Dungeon
  1198 | D:5      | Found Lunt's Antique Weapon Shop.
  1247 | D:5      | Reached XP level 6. HP: 74/74 MP: 8/14
  1291 | D:5      | Found a stormy altar of Qazlal.
  1324 | D:5      | Noticed a phantom
  1333 | D:5      | Killed a phantom
  1441 | D:5      | Found a bloodstained altar of Trog.
  1441 | D:5      | Found an opulent altar of Gozag.
  1441 | D:5      | Found a hide-covered altar of Uskayaw.
  1441 | D:5      | Found a radiant altar of Vehumet.
  1447 | D:5      | Reached XP level 7. HP: 64/81 MP: 6/15
  1463 | D:5      | Found a basalt altar of Yredelemnul.
  1463 | D:5      | Found a glowing silver altar of Zin.
  1553 | D:5      | Found a glowing drain.
  1607 | Sewer    | Entered a sewer
  2128 | D:6      | Found a radiant altar of Vehumet.
  2155 | D:6      | Found Kokeifus's General Store.
  2162 | D:6      | Found a blossoming altar of Fedhas.
  2175 | D:6      | Reached XP level 8. HP: 57/92 MP: 6/16
  2245 | D:6      | Bought a +2 quarterstaff of protection for 201 gold pieces
  2569 | D:7      | Found a blossoming altar of Fedhas.
  2628 | D:7      | Noticed a hornet
  2634 | D:7      | Killed a hornet
  2634 | D:7      | Reached skill level 1 in Staves
  3071 | D:8      | Noticed Grum
  3469 | D:7      | Found a hazy altar of Hepliaklqana.
  3532 | D:7      | Found a staircase to the Ecumenical Temple.
  3569 | Temple   | Entered the Ecumenical Temple
  3931 | D:7      | Found a burning altar of Makhleb.
  4062 | D:8      | Reached XP level 9. HP: 84/100 MP: 11/17
  4243 | D:8      | Reached skill level 10 in Fire Magic
  4985 | D:8      | Killed Grum
  5165 | D:8      | Found a sparkling altar of Nemelex Xobeh.
  6092 | D:8      | Reached skill level 10 in Fighting
  6092 | D:8      | Reached XP level 10. HP: 46/110 MP: 15/18
  7205 | D:9      | Found a roughly hewn altar of Beogh.
  7205 | D:9      | Found a staircase to the Orcish Mines.
  9298 | D:9      | Reached skill level 11 in Fire Magic
 10132 | D:9      | Found a shadowy altar of Dithmenos.
 10162 | D:9      | Reached XP level 11. HP: 68/119 MP: 1/19
 10374 | D:10     | Entered Level 10 of the Dungeon
 10447 | D:10     | Found a stormy altar of Qazlal.
 11295 | D:10     | HP: 5/119 [wraith (6)]
 11296 | D:10     | Killed from afar by a vampire mosquito

Levels and vault maps discovered:
D:1:      dpeg_arrival_connections, layout_loops_ring
D:2:      layout_rooms, overflow_temple_1_default,
          nicolae_overflow_crystal_walls, serial_bayou_crossing
D:3:      layout_basic, first_ration
D:4:      layout_loops_cross, overflow_temple_1_default, serial_shops,
          nicolae_shop_temple_entry_statues_fountains,
          eino_small_chamber_without_monster, minmay_fractal_squares_diagonal_5,
          uniq_duvessa
D:5:      layout_cave_pools, minmay_overflow_temple_hex, basic_altar,
          serial_shops, shop, gup_sewer_entry_glass, uniq_prince_ribbit1
D:6:      layout_rooms, basic_altar, serial_shops, shop, kennysheep_little_box,
          nicolae_shop_behind_doors, kennysheep_mini_moat, chequers_mini_garden,
          fedhas_altar_1
D:7:      layout_layer_cave, lemuel_round_altar, bloody_makhleb,
          old_standard_altar, temple_pool_b, the_bakery, minmay_misc_feat_plants
D:8:      layout_basic, kennysheep_mini, minmay_misc_feat_four_crosses,
          uniq_grum
D:9:      layout_loops_ring, david_orc_5,
          nicolae_dithmenos_through_a_glass_darkly
D:10:     layout_loops_cross, serial_shops, shop_coins, grunt_qazlal_clouds
Temple:   compressed_dpeg_triangle_lava_temple

Skill      XL: |  1  2  3  4  5  6  7  8  9 10 |
---------------+-------------------------------+-----
Conjurations   | 1 4 6 7 |  7.7
Fire Magic     | 3 6 9 10 11 | 11.1
Fighting       | 1 6 8 9 10 | 10.7
Spellcasting   | 5 |  5.8
Staves         | 1 3 4 |  4.3
Dodging        | |  1.7
Stealth        | |  1.4

Action                   |  1- 3 |  4- 6 |  7- 9 | 10-12 || total
-------------------------+-------+-------+-------+-------++-------
Melee: Unarmed           |    27 |    10 |       |       ||    37
       Giant club        |       |       |    19 |       ||    19
       Quarterstaff      |       |       |   104 |   122 ||   226
 Cast: Foxfire           |    36 |    35 |   172 |   149 ||   392
       Fireball          |       |     3 |     8 |     6 ||    17
       Inner Flame       |       |     1 |     6 |    15 ||    22
       Tukima's Dance    |       |       |     1 |    17 ||    18
       Ensorcelled Hiber |       |       |    10 |    13 ||    23
  Use: Potion            |     1 |     3 |     2 |     1 ||     7
       Scroll            |       |     3 |     6 |     2 ||    11
 Stab: Sleeping          |       |       |     1 |     1 ||     2
  Eat: Chunk             |       |     3 |    10 |     8 ||    21
       Ration            |       |       |     2 |     4 ||     6
Armor: Robe              |     8 |     2 |    54 |    54 ||   118
Dodge: Dodged            |    25 |     9 |    89 |   106 ||   229

Table legend:
 A = Non-vault XP
 B = Vault XP
 C = Vault XP percentage of total XP
 D = Non-vault monster count
 E = Vault monster count
 F = Vault count percentage of total count
                 A         B        C        D         E       F
            +---------+---------+-------+---------+---------+-------
      Total |    8110 |    1624 |  16.7 |     136 |      90 |  39.8
            +---------+---------+-------+---------+---------+-------
        D:1 |      14 |       0 |   0.0 |       8 |       0 |   0.0
        D:3 |     102 |       0 |   0.0 |      15 |       0 |   0.0
        D:4 |       0 |      23 | 100.0 |       0 |       5 | 100.0
        D:5 |     424 |      19 |   4.3 |      14 |       4 |  22.2
        D:6 |      75 |       0 |   0.0 |       2 |       0 |   0.0
        D:7 |    1469 |       0 |   0.0 |      20 |       0 |   0.0
        D:8 |    2741 |     824 |  23.1 |      31 |       6 |  16.2
        D:9 |    2786 |     351 |  11.2 |      38 |      19 |  33.3
       D:10 |     499 |       0 |   0.0 |       8 |       0 |   0.0
      Sewer |       0 |     407 | 100.0 |       0 |      56 | 100.0
            +---------+---------+-------+---------+---------+-------
